 Dungeon Crawl Stone Soup version 0.29-a0-1008-g949cc1d0fb (webtiles) character file.

Game seed: 17200650801697450633

1039 Mesmaeker13 the Insei (level 8, -3/72 HPs)
             Began as an Octopode Transmuter on Aug 7, 2022.
             Slain by Pikel
             ... wielding a +1 whip of flaming
              (4 damage)
             ... on level 5 of the Dungeon.
             The game lasted 00:08:00 (4939 turns).

Mesmaeker13 the Insei (Octopode Transmuter)         Turns: 4939, Time: 00:08:00

Health: -3/72      AC: 24    Str:  9    XL:     8   Next: 24%
Magic:  13/14      EV:  2    Int: 18    God:
Gold:   317        SH:  0    Dex: 12    Spells: 5/15 levels left

rFire   + . .      SeeInvis .   j - +2 long sword (drain)
rCold   + . .      Faith    .   (no shield)
rNeg    . . .      Spirit   .   (helmet currently unavailable)
rPois   +          Reflect  .   f - amulet of magic regeneration
rElec   .          Harm     .   k - ring of protection from cold
rCorr   .          Rampage  .   l - ring of the Robin {Wiz rPois rF+ Will-}
Will    .....      NoTele   +   (no ring)
Stlth   +.........              (no ring)
HPRegen 0.22/turn               (no ring)
MPRegen 0.54/turn               (no ring)
                                (no ring)
                                (no ring)

@: tree-form, very slightly contaminated
A: stationary, stasis, torment immunity, boosted hp, almost no armour,
(amphibious), 8 rings, (camouflage 1), (gelatinous body 1), (nimble swimmer 1),
(tentacles)
a: no special abilities


You were on level 5 of the Dungeon.
You were a tree.
You visited 1 branch of the dungeon, and saw 5 of its levels.

You collected 317 gold pieces.

Inventory:

Hand Weapons
 j - a +2 long sword of draining (weapon)
Armour
 i - a +0 kite shield
Jewellery
 f - an amulet of magic regeneration (around neck)
 k - a ring of protection from cold (left branch)
 l - the ring of the Robin (right branch) {Wiz rPois rF+ Will-}
   (You found it on level 3 of the Dungeon)

   [ring of wizardry]

   It improves your spell success rate.
   rF:        It protects you from fire.
   rPois:     It protects you from poison.
   Will:      It decreases your willpower.
Wands
 h - a wand of digging (5)
 m - a wand of mindburst (11)
 p - a wand of flame (17)
 q - a wand of iceblast (3)
Scrolls
 b - a scroll of fear
 c - a scroll of enchant weapon
 g - a scroll of blinking
 n - a scroll of teleportation {unknown}
Potions
 a - a potion of lignification
 d - a potion of flight {unknown}
 e - a potion of curing {unknown}
 o - a potion of resistance {unknown}


   Skills:
 - Level 1.0 Fighting
 - Level 2.0 Dodging
 + Level 5.5 Unarmed Combat
 - Level 4.0 Spellcasting
 + Level 5.1 Transmutations
 + Level 2.4 Ice Magic
 + Level 5.0 Poison Magic


You had 5 spell levels left.
You knew the following spells:

 Your Spells              Type           Power      Damage    Failure   Level
a - Beastly Appendage     Tmut           44%        N/A       1%          1
b - Wereblood             Tmut           22%        N/A       1%          2
c - Spider Form           Tmut/Pois      21%        N/A       2%          3
d - Ice Form              Ice/Tmut       17%        N/A       12%         4

Your spell library contained the following spells:

 Spells                   Type           Power      Damage    Failure   Level
 Magic Dart               Conj           12%        1d3       6%          1
 Slow                     Hex            12%        N/A       6%          1
 Blink                    Tloc           6%         N/A       9%          2
 Call Imp                 Summ           3%         N/A       9%          2
 Sublimation of Blood     Necr           3%         N/A       9%          2
 Mephitic Cloud           Conj/Pois/Air  9%         N/A       9%          3
 Confusing Touch          Hex            3%         N/A       17%         3
 Gell's Gravitas          Tloc           3%         N/A       17%         3
 Lesser Beckoning         Tloc           3%         N/A       17%         3
 Teleport Other           Tloc           3%         N/A       17%         3
 Vampiric Draining        Necr           3%         2d6       17%         3
 Petrify                  Tmut/Erth      12%        N/A       21%         4
 Irradiate                Conj/Tmut      6%         3d13      47%         5
 Manifold Assault         Tloc           3%         N/A       82%         5
 Dispersal                Tloc           1%         N/A       100%        6
 Borgnjor's Revivificati  Necr           1%         N/A       100%        8
 Necromutation            Tmut/Necr      6%         N/A       100%        8
 Death's Door             Necr           1%         N/A       100%        9


Dungeon Overview and Level Annotations

Branches:
Dungeon (5/15)
 Temple: D:4-7

Altars:

Annotations:
D:4 2 transporters, PeterMcNeter's ghost, amateur MiGl
D:5 Pikel


Innate Abilities, Weirdness & Mutations

You are a tree.
Your roots penetrate the ground, keeping you stationary.
You cannot be teleported.
You are immune to unholy pain and torment.
Your maximum health is greatly increased.
You cannot wear most types of armour.
((You are amphibious.))
You can wear up to eight rings at the same time.
((Your skin changes colour to match your surroundings (Stealth+).))
((Your rubbery body absorbs attacks. (AC +1, EV +1)))
((You are camouflaged when in or above water. (Stealth+)))
((You have tentacles for arms and can constrict up to eight enemies at once.))


Message History

You hear a shout!
Pikel says, "I knew I should've brought a map."
Casting: Ice Form (quite dangerous; 12% risk of failure)
Confirm with . or Enter, or press ? or * to list all spells.
The spell is quite dangerous to miscast (12% risk of failure)!
Continue anyway?
You turn into a creature of crystalline ice.
Your +2 long sword of draining melds into your body.
You hit Pikel but do no damage.
Pikel is moderately wounded.
Pikel drinks a potion.
Pikel goes berserk!
You punch Pikel! You freeze Pikel.
Pikel is heavily wounded.
Pikel hits you with a +1 whip of flaming.
Pikel melts you.
You hit Pikel but do no damage.
Pikel is heavily wounded.
Pikel hits you with a +1 whip of flaming!
Pikel melts you.
Pikel hits you with a +1 whip of flaming!
* * * LOW HITPOINT WARNING * * *
Pikel melts you.
* * * LOW HITPOINT WARNING * * *
Aiming: Mindburst
Press: ? - help, Shift-Dir - straight line, f/p - Pikel
Aim: Pikel, wielding a +1 whip of flaming and wearing a +0 robe (heavily wounded, berserk, chance to affect: 64%) Pikel struggles to resist.
You hear a shout!
Pikel hits you with a +1 whip of flaming.
* * * LOW HITPOINT WARNING * * *
Pikel melts you.
* * * LOW HITPOINT WARNING * * *
Really quaff the potion of lignification?
You warm up again.
Your +2 long sword of draining unmelds from your body.
You sense an unholy aura.
You turn into a tree.
Your roots penetrate the ground.
Pikel hits you with a +1 whip of flaming.
* * * LOW HITPOINT WARNING * * *
Pikel hits you with a +1 whip of flaming.
You die...

......)..# #...#.#.#.#
#######.##.# #.....#...
....# #..#.# #...# #.#
....####[#.# #...#!..
.....#.....# #...#.#
.....#.#)..# #.....#
###........# #...#.....
..#..#.##..########...##^###
#.#..#..........♣K..........
#.#..###############.#######
#.#......... #.#
#.#.######## #)# #.#......#
#.# #.######.# #..
#........# ### ##########


You could see Pikel (berserk).

Vanquished Creatures
  Grinder (D:4)
  Menkaure (D:5)
  A black bear (D:4)
  A lemure (D:5)
  A centaur (D:5)
  A bullfrog (D:3)
  A scorpion (D:5)
  A howler monkey (D:5)
  2 jellies (D:4)
  2 orc priests
  4 iguanas
  2 orc wizards
  8 adders
  An ufetubus (D:5)
  A dart slug (D:4)
  16 orcs
  4 endoplasms
  4 giant cockroaches
  A goblin (D:3)
  7 jackals
  2 quokkas
  9 ball pythons
  3 bats
  4 frilled lizards (D:3)
  5 kobolds
  3 rats
86 creatures vanquished.

Vanquished Creatures (others)
  A hobgoblin (D:4)
  4 fungi (D:3)
5 creatures vanquished.

Grand Total: 91 creatures vanquished

Notes
Turn   | Place    | Note
-------+----------+-------------------------------------------
     0 | D:1      | Mesmaeker13 the Octopode Transmuter began the quest for the
                  | Orb.
     0 | D:1      | Reached XP level 1. HP: 13/13 MP: 3/3
   543 | D:1      | Reached XP level 2. HP: 18/18 MP: 3/5
   543 | D:1      | Found a faded altar of an unknown god.
   976 | D:2      | Learned a level 2 spell: Wereblood
  1286 | D:2      | Reached XP level 3. HP: 18/23 MP: 6/6
  1760 | D:3      | Learned a level 3 spell: Spider Form
  1790 | D:3      | Reached XP level 4. HP: 28/28 MP: 8/8
  1837 | D:3      | Noticed a bullfrog
  1844 | D:3      | Killed a bullfrog
  1845 | D:3      | Reached skill level 1 in Poison Magic
  1845 | D:3      | Reached XP level 5. HP: 12/33 MP: 9/9
  2268 | D:3      | Identified the ring of the Robin {Wiz rPois rF+ Will-}
  3180 | D:4      | Reached XP level 6. HP: 22/38 MP: 9/11
  3181 | D:4      | Noticed PeterMcNeter's ghost (amateur MiGl)
  3320 | D:4      | Noticed a black bear
  3327 | D:4      | Killed a black bear
  3328 | D:4      | Noticed Grinder
  3331 | D:4      | Paralysed by Grinder for 3 turns
  3336 | D:4      | Killed Grinder
  3337 | D:4      | Reached XP level 7. HP: 19/43 MP: 12/12
  3611 | D:4      | Learned a level 4 spell: Ice Form
  3619 | D:4      | Found a transporter.
  3654 | D:4      | You fall into a shaft and drop 1 floor!
  3654 | D:5      | Entered Level 5 of the Dungeon
  3666 | D:5      | Noticed Menkaure
  3681 | D:5      | Killed Menkaure
  3682 | D:5      | Reached skill level 5 in Unarmed Combat
  3682 | D:5      | Reached skill level 1 in Ice Magic
  4214 | D:4      | Found a transporter.
  4231 | D:4      | Reached XP level 8. HP: 48/48 MP: 10/14
  4621 | D:5      | Reached skill level 5 in Transmutations
  4889 | D:5      | Reached skill level 5 in Poison Magic
  4925 | D:5      | Noticed Pikel
  4939 | D:5      | HP: 1/72 [Pikel/+1 whip of flaming (4)]
  4939 | D:5      | Slain by Pikel

Illustrated notes

Levels and vault maps discovered:
D:1:      ebering_hopf_link, layout_basic, ebering_ecumenical_altar_box
D:2:      layout_rooms
D:3:      layout_rooms, serial_bayou_pond_e, chequers_serial_rivers_micro_a,
          minmay_tree_intersection, minmay_shallow_snake_nest
D:4:      layout_basic, gammafunk_ghost_stat_death, minmay_fountain_box,
          uniq_grinder
D:5:      layout_basic, grunt_temple_overflow_growth_and_decay, serial_shops,
          shop, nicolae_concentric_dashed_squares_wild, minmay_strange_pillars,
          st_stairs_13, uniq_menkaure, uniq_pikel

Skill      XL: |  1  2  3  4  5  6  7  8 |
---------------+-------------------------+-----
Spellcasting   | 3 4 |  4.0
Transmutations | 3 4 5 |  5.1
Poison Magic   | 1 2 3 4 5 |  5.0
Unarmed Combat | 4 5 |  5.5
Ice Magic      | 1 2 |  2.4
Fighting       | |  1.0
Dodging        | |  2.0

Action                   |  1- 3 |  4- 6 |  7- 9 || total
-------------------------+-------+-------+-------++-------
Melee: Unarmed           |    66 |    13 |    29 ||   108
       Kick              |    24 |     9 |     1 ||    34
       Tentacles         |    14 |     6 |     5 ||    25
       Constrict         |    21 |    13 |     7 ||    41
       Punch             |     3 |     1 |     1 ||     5
       Long sword        |       |    50 |    18 ||    68
 Cast: Beastly Appendage |    21 |     5 |     2 ||    28
       Wereblood         |     1 |     2 |     2 ||     5
       Spider Form       |       |     1 |       ||     1
       Ice Form          |       |       |     7 ||     7
Evoke: Wand              |       |     5 |     5 ||    10
  Use: Scroll            |     4 |     1 |       ||     5
       Potion            |       |       |     2 ||     2
 Stab: Sleeping          |     5 |     2 |     3 ||    10
Armor: Skin              |     2 |    10 |    12 ||    24
Dodge: Dodged            |    45 |    36 |    20 ||   101

Table legend: (Time is in decaauts)
 A = Elapsed time spent in this place.
 B = Non-inter-level travel time spent in this place.
 C = Inter-level travel time spent in this place.
 D = Time resting spent in this place.
 E = Time spent auto-exploring this place.
 F = Levels seen in this place.
 G = Mean time per level.
                   A        B        C        D        E       F      G
               +--------+--------+--------+--------+--------+-----+--------+
         Total |   4957 |   4881 |     76 |   1350 |   2745 |   5 |  991.4 |
       Dungeon |   4957 |   4881 |     76 |   1350 |   2745 |   5 |  991.4 |
               +--------+--------+--------+--------+--------+-----+--------+

Top non-repeatable levels by time:
     D:4: 1455 daAuts
     D:1: 971 daAuts
     D:3: 955 daAuts
     D:2: 930 daAuts
     D:5: 645 daAuts
